 Dungeon Crawl Stone Soup version 0.27.1-34-g3ba077fa99 (webtiles) character file.

Game seed: 17749187174413497425

208 mcbry74 the Spear-Bearer (level 5, -2/38 HPs)
             Began as a Merfolk Gladiator on Jan 22, 2022.
             Was a Priest of Elyvilon.
             Slain by an orc priest (6 damage)
             ... on level 3 of the Dungeon.
             The game lasted 00:06:44 (2845 turns).

mcbry74 the Spear-Bearer (Merfolk Gladiator)        Turns: 2845, Time: 00:06:45

Health: -2/38      AC:  4    Str: 14    XL:     5   Next: 86%
Magic:  5/5        EV: 13    Int:  8    God:    Elyvilon [***...]
Gold:   83         SH:  0    Dex: 16    Spells: 4/4 levels left

rFire    . . .     SeeInvis .   a - +0 trident
rCold    . . .     Faith    .   (no shield)
rNeg     . . .     Spirit   .   b - +0 leather armour
rPois    .         Reflect  .   c - +0 helmet
rElec    .         Harm     .   (no cloak)
rCorr    .         Rampage  .   (no gloves)
Will     .....                  (no boots)
Stlth    +.........             (no amulet)
HPRegen  0.12/turn              (no ring)
MPRegen  0.09/turn              (no ring)

@: no status effects
A: (nimble swimmer 2), mertail
a: Renounce Religion, Lesser Healing, Heal Other, Purification, Divine
Protection


You were on level 3 of the Dungeon.
You worshipped Elyvilon.
Elyvilon was most pleased with you.
You visited 1 branch of the dungeon, and saw 3 of its levels.

You collected 83 gold pieces.

Inventory:

Hand Weapons
 a - a +0 trident (weapon)
Missiles
 d - 3 throwing nets (quivered)
 e - 18 sling bullets
Armour
 b - a +0 leather armour (worn)
 c - a +0 helmet (worn)
Jewellery
 l - a ring of ice
Scrolls
 f - 4 scrolls of identify {unknown}
 g - a scroll of noise {unknown}
 h - a scroll of fog {unknown}
 m - a scroll of enchant weapon {unknown}
 o - a scroll of teleportation {unknown}
 q - a scroll of blinking {unknown}
Potions
 i - a potion of brilliance {unknown}
 j - a potion of degeneration {unknown}
 k - a potion of berserk rage {unknown}
 n - a potion of curing {unknown}
 p - a potion of cancellation {unknown}


   Skills:
 - Level 2.1 Fighting
 + Level 9.2 Polearms
 - Level 2.0 Throwing
 - Level 4.0 Dodging


You had 4 spell levels left.
You didn't know any spells.
Your spell library contained the following spells:

 Spells                   Type           Power      Damage    Failure   Level
 Stone Arrow              Conj/Erth      0%         3d7       86%         3
 Bolt of Magma            Conj/Fire/Erth 0%         4d4       100%        5
 Shatter                  Erth           0%         3d5*      100%        9


Dungeon Overview and Level Annotations

Branches:
Dungeon (3/15)

Altars:
Elyvilon

Shops:
D:1 ?=[![


Innate Abilities, Weirdness & Mutations

((You are quick and stealthy near water. (Stealth+, EV+, Speed+++)))
Your lower body shifts to a powerful aquatic tail in water.


Message History

You kill the orc priest!
The orc throws a boomerang.
The boomerang hits you but does no damage.
The orc barely misses you.
Your Polearms skill increases to level 9!
You hit the orc priest but do no damage.
The orc barely misses you. The orc misses you. The orc priest misses you.
You hit the orc priest but do no damage.
The orc hits you from afar with a +0 spear.
The orc closely misses you.
You are too injured to fight recklessly!
You are too injured to fight recklessly!
You closely miss the orc priest.
The orc priest mumbles some strange prayers to Beogh against you.
You barely resist. The orc hits you but does no damage.
The orc closely misses you.
You hit the orc priest.
The orc priest is lightly wounded.
The orc priest misses you. The orc closely misses you.
You hit the orc priest but do no damage.
The orc throws a boomerang.
The boomerang misses you.
The orc priest hits you but does no damage.
The orc closely misses you.
You barely miss the orc priest.
The orc throws a boomerang.
The boomerang hits you. The orc priest hits you with a +0 mace.
The orc hits you from afar with a +0 spear.
* * * LOW HITPOINT WARNING * * *
You hit the orc priest.
The orc priest is moderately wounded.
The orc throws a boomerang.
The boomerang hits you.
* * * LOW HITPOINT WARNING * * *
The orc priest hits you with a +0 mace.
* * * LOW HITPOINT WARNING * * *
You hit the orc priest but do no damage.
The orc priest is moderately wounded.
The orc misses you.
The orc throws a boomerang.
The boomerang misses you.
You hit the orc priest.
The orc priest is moderately wounded.
The orc priest hits you with a +0 mace.
You die...

#.##.# .# #o .# .....#
#..##.#. .###. #.##.#
#...... .o.. .#.#.#
##'##.# #o.
#.##.###...#.# #[#
####.##......# #.## ##
## #.........## #>.#..#
.####..†......####o..#.#
....+.........o.@o.....#
.####.........####...#.#
## ##.......## #.......
# ##.....## ###.#####
##...## .# ##+## .# .#


You could see an orc priest and 2 orcs.

Vanquished Creatures
  2 orc priests (D:3)
  An orc wizard (D:3)
  Robin (D:2)
  3 adders
  3 dart slugs
  4 orcs (D:3)
  6 endoplasms
  5 giant cockroaches
  12 goblins
  6 hobgoblins
  6 jackals (D:1)
  2 kobolds (D:2)
  2 quokkas
  6 ball pythons
  4 bats
  A frilled lizard (D:1)
  6 rats
70 creatures vanquished.

Notes
Turn   | Place    | Note
-------+----------+-------------------------------------------
     0 | D:1      | mcbry74 the Merfolk Gladiator began the quest for the Orb.
     0 | D:1      | Reached XP level 1. HP: 16/16 MP: 1/1
    24 | D:1      | Found a faded altar of an unknown god.
    25 | D:1      | Found Olisom's Armour Shop.
    36 | D:1      | Found Raalat's Distillery.
    38 | D:1      | Became a worshipper of Elyvilon the Healer
    38 | D:1      | Reached * piety under Elyvilon
    63 | D:1      | Reached skill level 5 in Polearms
    89 | D:1      | Reached XP level 2. HP: 14/22 MP: 2/2
   280 | D:1      | Found Koirilat's Jewellery Shop.
   307 | D:1      | Found Meco Laa's Magic Scroll Shoppe.
   569 | D:1      | Found Opatt's Antique Armour Shoppe.
   585 | D:1      | Reached skill level 6 in Polearms
   585 | D:1      | Reached XP level 3. HP: 27/27 MP: 3/3
  1156 | D:2      | Reached ** piety under Elyvilon
  1472 | D:2      | Reached XP level 4. HP: 33/33 MP: 4/4
  1489 | D:2      | Reached skill level 7 in Polearms
  1493 | D:2      | Noticed Robin
  1507 | D:2      | Killed Robin
  2333 | D:3      | Reached skill level 8 in Polearms
  2333 | D:3      | Reached XP level 5. HP: 35/38 MP: 5/5
  2681 | D:3      | Reached *** piety under Elyvilon
  2837 | D:3      | Reached skill level 9 in Polearms
  2845 | D:3      | Slain by an orc priest

Illustrated notes

Levels and vault maps discovered:
D:1:      eino_arrival_druids_welcome, layout_basic, basic_ecumenical_altar,
          serial_shops, nicolae_shop_crystal, shop, shop_statue, shop,
          nicolae_lakefront_shop, corexii_hall_statues_u, st_stairs_10
D:2:      layout_loops_cross, nrook_mini_backslash, grunt_ministairs_1,
          chequers_garden, uniq_robin
D:3:      layout_loops_corners, yredelemnul_forgotten_temple_becter,
          minmay_distorted, uniq_natasha, uniq_grinder

Skill      XL: |  1  2  3  4  5 |
---------------+----------------+-----
Polearms       | 5 6 8 9 |  9.2
Fighting       | |  2.1
Throwing       | |  2.0
Dodging        | |  4.0

Action                   |  1- 3 |  4- 6 || total
-------------------------+-------+-------++-------
Melee: Trident           |   118 |   138 ||   256
Invok: Lesser Healing    |     1 |       ||     1
 Stab: Sleeping          |     3 |     2 ||     5
Armor: Leather armour    |    23 |    31 ||    54
Dodge: Dodged            |    60 |    79 ||   139
